[Event "Titled Tuesday Blitz March 01 Late 2022"]
[White "Muradli, Mahammad"]
[Black "Domingo Nunez, Alejandro"]
[WhiteFideId "13409301"]
[BlackFideId "22245561"]
[WhiteElo "2645"]
[BlackElo "2215"]
[Result "0-1"]
[Round "07"]
[TimeControl "180+1"]
[Date "2022.03.01"]
[WhiteClock "0:00:03"]
[BlackClock "0:00:09"]

1. Nf3 g6 2. g3 Bg7 3. Bg2 c5 4. O-O Nc6 5. d3 d6 6. c4 e6 7. Nc3 Nge7 8. Rb1 O-O 9. a3 b6 10. Bd2 Bb7 11. b4 Qd7 12. e3 Rac8 13. Qe2 h6 14. Rfc1 g5 15. h4 g4 16. Nh2 h5 17. Ne4 Ne5 18. bxc5 dxc5 19. Bc3 Qxd3 20. Qxd3 Nxd3 21. Rd1 Bxc3 22. Rxd3 Be5 23. Rd7 Bxe4 24. Bxe4 Rc7 25. Rbd1 Rfc8 26. R7d2 Kg7 27. Kg2 Nc6 28. f3 Na5 29. Rc2 f5 30. Bd3 Rd7 31. Be2 Rxd1 32. Bxd1 Rd8 33. Be2 Nc6 34. f4 Bf6 35. Nf1 e5 36. fxe5 Bxe5 37. Nd2 Na5 38. Kf2 Kf6 39. Bf1 Bc7 40. Bg2 Rd3 41. Ra2 Be5 42. Ke2 Rc3 43. Bd5 Bxg3 44. e4 f4 45. Kd1 f3 46. Ra1 Rd3 47. Kc2 Rxd2+ 48. Kxd2 Nb3+ 0-1


[Site "https://www.chess.com"]

[Event "Titled Tuesday Blitz March 01 Late 2022"]
[White "Nakamura, Hikaru"]
[Black "Zubritskiy, Artyom"]
[WhiteFideId "2016192"]
[BlackFideId "4181247"]
[WhiteElo "2850"]
[BlackElo "2459"]
[Result "1-0"]
[Round "07"]
[TimeControl "180+1"]
[Date "2022.03.01"]
[WhiteClock "0:01:30"]
[BlackClock "0:00:06"]

1. Nf3 f5 2. d3 d6 3. e4 e5 4. Nc3 c5 5. Nd2 Nc6 6. g3 Nf6 7. Bg2 Be7 8. O-O O-O 9. exf5 Bxf5 10. Nde4 Qd7 11. Bg5 Nxe4 12. dxe4 Bg4 13. Qd5+ Be6 14. Bh3 Nd4 15. Bxe6+ Nxe6 16. Be3 Kh8 17. Qd1 Bg5 18. Nd5 Bxe3 19. Nxe3 Nd4 20. f3 Rf6 21. c3 Nc6 22. Qe2 Raf8 23. Rad1 Qf7 24. b3 Ne7 25. Kg2 g5 26. Nc4 Nc8 27. Rd3 g4 28. Nd2 Ne7 29. fxg4 Rxf1 30. Nxf1 Qe6 31. Ne3 1-0


[Site "https://www.chess.com"]

[Event "Titled Tuesday Blitz March 01 Late 2022"]
[White "Nilsen, Tobias Lang"]
[Black "Karttunen, Mika"]
[WhiteFideId "1521624"]
[BlackFideId "502081"]
[WhiteElo "2436"]
[BlackElo "2598"]
[Result "0-1"]
[Round "07"]
[TimeControl "180+1"]
[Date "2022.03.02"]
[WhiteClock "0:00:57"]
[BlackClock "0:00:44"]

1. f4 d5 2. f5 Bxf5 3. Nf3 Nf6 4. e3 Nbd7 5. Be2 e6 6. O-O h6 7. Nc3 c6 8. d3 Bh7 9. Qe1 Bd6 10. Bd2 Qc7 11. Rd1 O-O-O 12. b4 Ng4 13. h3 Bg3 14. hxg4 Bxe1 15. Bxe1 Nf6 16. Nd4 Kb8 17. a4 Ka8 18. a5 e5 19. Bg3 Qe7 20. Na4 Rhe8 21. Nf3 Nxg4 22. d4 f6 23. Nxe5 Nxe5 24. dxe5 fxe5 25. Ra1 Kb8 26. b5 c5 27. c4 dxc4 28. a6 Bd3 29. Bf3 Bxf1 30. Rxf1 Rf8 31. Bxb7 Rxf1+ 32. Kxf1 Rd1+ 33. Ke2 Ra1 34. Nc3 Qg5 35. Ne4 Qg4+ 36. Kf2 Qf5+ 37. Ke2 Qf1+ 38. Kd2 Qd3# 0-1


[Site "https://www.chess.com"]

[Event "Titled Tuesday Blitz March 01 Late 2022"]
[White "Okike, David"]
[Black "Aggelis, Nikolaos"]
[WhiteFideId "8500134"]
[BlackFideId "4213220"]
[WhiteElo "2232"]
[BlackElo "2154"]
[Result "0-1"]
[Round "07"]
[TimeControl "180+1"]
[Date "2022.03.02"]
[WhiteClock "0:01:49"]
[BlackClock "0:01:16"]

1. e4 c5 2. Nf3 e6 3. d4 cxd4 4. Nxd4 Nf6 5. Bd3 a6 6. f4 Qc7 7. Qe2 Nc6 8. Nb3 b5 9. Nc3 Bb7 10. e5 b4 11. exf6 bxc3 12. bxc3 gxf6 13. c4 Bb4+ 14. Kf1 Rg8 15. a3 Bd6 16. c5 Bxf4 17. Qf2 Bxc1 18. Rxc1 Ne5 19. Bxh7 Rxg2 20. Qxg2 Bxg2+ 21. Kxg2 Ke7 22. Be4 Rg8+ 23. Kf2 f5 24. Bg2 Ng4+ 25. Ke2 Qe5+ 26. Kd1 Nf2+ 27. Kd2 Rxg2 28. Rhe1 Ne4+ 29. Ke3 Qc3+ 30. Kf4 Rf2# 0-1


[Site "https://www.chess.com"]

[Event "Titled Tuesday Blitz March 01 Late 2022"]
[White "Osmonbekov, Talaibek"]
[Black "Antonio, Jorge Carlos"]
[WhiteFideId "2017253"]
[BlackFideId "113190"]
[WhiteElo "2135"]
[BlackElo "2247"]
[Result "1/2-1/2"]
[Round "07"]
[TimeControl "180+1"]
[Date "2022.03.02"]
[WhiteClock "0:01:04"]
[BlackClock "0:00:44"]

1. d4 d5 2. Nc3 c6 3. Bf4 g6 4. e3 Bg7 5. h4 h5 6. Nf3 Nf6 7. Qd2 O-O 8. Ne5 Nbd7 9. f3 Nxe5 10. Bxe5 Ne8 11. Bxg7 Nxg7 12. O-O-O b5 13. e4 b4 14. Na4 dxe4 15. fxe4 Bg4 16. Be2 Bxe2 17. Qxe2 b3 18. axb3 Qd7 19. Nc5 Qg4 20. Qxg4 hxg4 21. c4 Nh5 22. Nd7 Rfd8 23. Ne5 Rac8 24. Nxg4 Ng3 25. Rhe1 a5 26. Re3 Nh5 27. g3 Nf6 28. Nxf6+ exf6 29. Kc2 Rb8 30. Rf3 Kg7 31. Kc3 Re8 32. Kd3 Rxb3+ 33. Ke2 Rxb2+ 34. Rd2 Rxe4+ 35. Kd1 Rxd2+ 36. Kxd2 Rxd4+ 37. Kc3 Re4 38. Kd3 f5 39. Rf1 Rg4 40. Ra1 Rxg3+ 41. Kd4 Rg4+ 42. Kc5 Rxh4 43. Rxa5 f4 44. Kxc6 f3 45. c5 Rf4 46. Ra1 g5 47. Kd5 f2 48. Rf1 g4 49. c6 Rf3 50. c7 Rc3 51. Rxf2 Rxc7 52. Rf4 f6 53. Rxg4+ Kf7 54. Ke4 Rc4+ 55. Kf3 Rxg4 56. Kxg4 Ke6 57. Kf4 Kf7 58. Kf5 Ke7 59. Kf4 Kf7 60. Kf5 Kg7 61. Kf4 Kg6 62. Kg4 f5+ 63. Kf4 Kf6 64. Kf3 Ke6 65. Kf4 Kf6 66. Kf3 Kg5 67. Kg3 f4+ 68. Kf3 Kf5 69. Kf2 Ke5 70. Kf3 Kf5 71. Kf2 Ke4 72. Ke2 Kd4 73. Kf3 Ke5 74. Kf2 Kf5 75. Kf3 Kg5 76. Kf2 Kg4 77. Kg2 f3+ 78. Kf2 Kf4 79. Kf1 Ke3 80. Ke1 Kd3 81. Kf2 Ke4 82. Kf1 Kf4 83. Kf2 Kg4 84. Kf1 Kf4 85. Kf2 Ke4 86. Kf1 Ke3 87. Ke1 Kf4 88. Kf2 1/2-1/2


[Site "https://www.chess.com"]

[Event "Titled Tuesday Blitz March 01 Late 2022"]
[White "P., Komal Kishore"]
[Black "Debray, Christopher"]
[WhiteFideId "5016703"]
[BlackFideId "630810"]
[WhiteElo "2085"]
[BlackElo "2369"]
[Result "1-0"]
[Round "07"]
[TimeControl "180+1"]
[Date "2022.03.02"]
[WhiteClock "0:00:22"]
[BlackClock "0:00:01"]

1. e4 e6 2. d4 d5 3. Nd2 c5 4. exd5 Qxd5 5. Ngf3 cxd4 6. Bc4 Qd7 7. O-O Nc6 8. Re1 Nf6 9. Nb3 Be7 10. Nbxd4 Nxd4 11. Nxd4 O-O 12. Bg5 Qc7 13. Bd3 b6 14. c3 Bb7 15. Bc2 Rfd8 16. Qd3 g6 17. Qh3 Rxd4 18. Rxe6 fxe6 19. Qxe6+ Kg7 20. cxd4 Bd8 21. Bb3 Qe7 22. Bxf6+ Qxf6 23. Qd7+ Qe7 24. Qa4 Bc7 25. d5 Rd8 26. Qxa7 Bxd5 27. Qa4 Bxb3 28. Qxb3 Qe5 29. g3 Rd2 30. Rc1 h5 31. h4 1-0


[Site "https://www.chess.com"]

[Event "Titled Tuesday Blitz March 01 Late 2022"]
[White "Pace, Christopher"]
[Black "Celestino, Rafael Teixeira"]
[WhiteFideId "2610167"]
[BlackFideId "2108925"]
[WhiteElo "2210"]
[BlackElo "2260"]
[Result "1-0"]
[Round "07"]
[TimeControl "180+1"]
[Date "2022.03.02"]
[WhiteClock "0:00:15"]
[BlackClock "0:00:02"]

1. d4 Nf6 2. Nf3 e6 3. c4 d5 4. Nc3 Bb4 5. Bg5 h6 6. Bxf6 Qxf6 7. cxd5 exd5 8. e3 O-O 9. Rc1 Bg4 10. Be2 Nd7 11. O-O c6 12. a3 Ba5 13. Ne5 Bf5 14. f4 Qd6 15. Na4 f6 16. Nxd7 Bxd7 17. Nc5 Rab8 18. e4 dxe4 19. Nxe4 Qe7 20. Bd3 Bf5 21. Re1 Qd7 22. Nc5 Qxd4+ 23. Kh1 Bxe1 24. Bc4+ Qxc4 25. Rxc4 Ba5 26. b4 Rbd8 27. Qf3 Bb6 28. g3 Rde8 29. Kg2 Bg6 30. f5 Bf7 31. Rd4 Rd8 32. Rxd8 Rxd8 33. Kh3 Bd5 34. Qg4 Bc7 35. Ne6 Bxe6 36. fxe6 Re8 37. b5 cxb5 38. Qf5 Be5 39. Qd3 Rxe6 40. Qd5 Kf7 41. Qxb7+ Re7 42. Qxb5 g5 43. Kg4 Kg6 44. Qd3+ Kg7 45. Kh5 Kf8 46. Qg6 Rg7 47. Qf5 Kg8 48. Kxh6 Rf7 49. Qg6+ Rg7 50. Qxg7# 1-0


[Site "https://www.chess.com"]

[Event "Titled Tuesday Blitz March 01 Late 2022"]
[White "Papasimakopoulos, Alexandros"]
[Black "Aldokhin, Ivan"]
[WhiteFideId "4244125"]
[BlackFideId "24115720"]
[WhiteElo "2724"]
[BlackElo "2526"]
[Result "0-1"]
[Round "07"]
[TimeControl "180+1"]
[Date "2022.03.02"]
[WhiteClock "0:01:06"]
[BlackClock "0:00:29"]

1. d4 Nf6 2. c4 g6 3. Nc3 Bg7 4. e4 d6 5. f3 O-O 6. Nge2 c6 7. Be3 d5 8. e5 Nfd7 9. cxd5 cxd5 10. Nxd5 Nc6 11. f4 Nb6 12. Nxb6 Qxb6 13. Qd2 Rd8 14. O-O-O Nb4 15. Nc3 Bf5 16. a3 Nd5 17. Nxd5 Rxd5 18. Bd3 Be6 19. Qb4 Qc6+ 20. Kb1 Rd7 21. Rd2 Qd5 22. b3 Bf5 23. Bxf5 gxf5 24. Rc1 Qe4+ 25. Kb2 Qxe3 26. g3 Rad8 27. Rcd1 e6 28. Qc4 Qe4 29. Re2 Qd5 30. Red2 Bf8 31. Rd3 b5 32. Qc3 Be7 33. R3d2 Qe4 34. Rd3 Qg2+ 35. R3d2 Qb7 36. h3 b4 37. Qc4 bxa3+ 38. Ka2 Rc7 39. Qe2 Rc3 40. Rb1 Rdc8 41. g4 Qe4 42. Qxe4 fxe4 0-1


[Site "https://www.chess.com"]

[Event "Titled Tuesday Blitz March 01 Late 2022"]
[White "Papayan, Oleg"]
[Black "Winkels, Marcel"]
[WhiteFideId "4193911"]
[BlackFideId "1003887"]
[WhiteElo "2038"]
[BlackElo "1900"]
[Result "1-0"]
[Round "07"]
[TimeControl "180+1"]
[Date "2022.03.02"]
[WhiteClock "0:00:03"]
[BlackClock "0:00:01"]

1. e4 g6 2. d4 Bg7 3. Nc3 d5 4. exd5 Nf6 5. Bb5+ Nbd7 6. Nge2 O-O 7. O-O Nb6 8. Nf4 Nbxd5 9. Re1 Nxc3 10. bxc3 c6 11. Bc4 b5 12. Bb3 a5 13. a4 b4 14. cxb4 axb4 15. Bb2 Nd5 16. Nd3 Rb8 17. Qe2 Re8 18. Ne5 Qc7 19. Qf3 Be6 20. a5 Ra8 21. a6 Bxe5 22. dxe5 Qb6 23. Bc4 Nc7 24. Bxe6 Nxe6 25. h4 Rxa6 26. h5 Rxa1 27. Rxa1 Rd8 28. Qg4 Qc5 29. hxg6 hxg6 30. Qe2 Nd4 31. Qd3 Ne6 32. Qe2 Nf4 33. Qf3 Ne6 34. Ra6 Rd5 35. Ra8+ Kg7 36. Qh3 Rd8 37. Rxd8 Nxd8 38. e6+ f6 39. Qd3 Nxe6 40. Qd7 Qd6 41. Qc8 Nf4 42. g3 Ne2+ 43. Kg2 Nd4 44. Qa8 Qd5+ 45. Kg1 Nf3+ 46. Kf1 Qc4+ 47. Kg2 Ne1+ 48. Kg1 1-0


[Site "https://www.chess.com"]

[Event "Titled Tuesday Blitz March 01 Late 2022"]
[White "Paravyan, David"]
[Black "Tanenbaum, Zachary"]
[WhiteFideId "4194985"]
[BlackFideId "2060850"]
[WhiteElo "2569"]
[BlackElo "2168"]
[Result "1-0"]
[Round "07"]
[TimeControl "180+1"]
[Date "2022.03.01"]
[WhiteClock "0:02:11"]
[BlackClock "0:00:23"]

1. e4 e5 2. Nf3 Nc6 3. Nc3 Nf6 4. d4 exd4 5. Nxd4 Bb4 6. Nxc6 bxc6 7. Bd3 d5 8. exd5 O-O 9. O-O cxd5 10. Bg5 c6 11. Qf3 Be7 12. h3 Rb8 13. b3 Be6 14. Ne2 c5 15. Rad1 Re8 16. Nf4 Qd7 17. Rfe1 Rbd8 18. a4 Rf8 19. Bb5 Qd6 20. Nxe6 fxe6 21. Qe3 Ne4 22. Qxe4 Bxg5 23. Qxe6+ Qxe6 24. Rxe6 Kf7 25. Rc6 Be7 26. Rc7 a5 27. Re1 Rfe8 28. Kf1 d4 29. Re4 Kf6 30. Bxe8 Rxe8 31. f3 Rd8 32. Rcxe7 1-0


[Site "https://www.chess.com"]

[Event "Titled Tuesday Blitz March 01 Late 2022"]
[White "Peatman, Carter"]
[Black "Toncheva, Nadya"]
[WhiteFideId "2096480"]
[BlackFideId "2924056"]
[WhiteElo "2281"]
[BlackElo "1920"]
[Result "0-1"]
[Round "07"]
[TimeControl "180+1"]
[Date "2022.03.02"]
[WhiteClock "0:00:09"]
[BlackClock "0:00:02"]

1. d4 Nf6 2. Bf4 e6 3. e3 c5 4. Nd2 d5 5. c3 Bd6 6. Bg3 Qc7 7. Bb5+ Bd7 8. Qe2 a6 9. Bxd7+ Nbxd7 10. f4 Ne4 11. Nxe4 dxe4 12. Nh3 O-O 13. O-O b5 14. Ng5 Nf6 15. Qc2 Qc6 16. Bh4 cxd4 17. exd4 h6 18. Nh3 Nd7 19. f5 exf5 20. Rxf5 g6 21. Rff1 f5 22. Qd2 Kh7 23. Rae1 Nb6 24. Qf2 Nd5 25. Qe2 Rae8 26. Kh1 Qc8 27. Bf2 f4 28. Bg1 f3 29. Qc2 Qg4 30. b3 e3 31. c4 e2 32. Rf2 Ne3 33. gxf3 Qxh3 34. Qd2 Rxf3 35. Rexe2 Ng4 36. Rxf3 Qxf3+ 37. Rg2 Re4 38. d5 Qf1 39. c5 Re1 40. cxd6 Rd1 41. Qc2 Rxd5 42. Qc7+ Kg8 43. Qd8+ Qf8 44. Qd7 Nf6 45. Qe6+ Qf7 46. Qc8+ Kg7 47. Bc5 Rd1+ 48. Rg1 Qd5# 0-1


[Site "https://www.chess.com"]

[Event "Titled Tuesday Blitz March 01 Late 2022"]
[White "Petrova, Irina"]
[Black "Brunner, Nicolas"]
[WhiteFideId "14124122"]
[BlackFideId "620246"]
[WhiteElo "1988"]
[BlackElo "2372"]
[Result "1-0"]
[Round "07"]
[TimeControl "180+1"]
[Date "2022.03.02"]
[WhiteClock "0:01:03"]
[BlackClock "0:01:04"]

1. e4 e5 2. Nf3 Nc6 3. Bb5 a6 4. Ba4 Nf6 5. d3 d6 6. c4 g6 7. Nc3 Bg7 8. Nd5 Nd7 9. Bg5 f6 10. Be3 O-O 11. O-O Nc5 12. b4 Nxa4 13. Qxa4 Bd7 14. Qb3 Ne7 15. Rac1 h6 16. c5 Kh7 17. cxd6 cxd6 18. Bb6 Qe8 19. Nc7 Qb8 20. Nxa8 Qxa8 21. Rc7 Qe8 22. Rfc1 Bc6 23. Qe6 Nc8 24. Qxe8 Rxe8 25. d4 Nxb6 26. d5 Bb5 27. Rxb7 Nc4 28. a4 Bxa4 29. Rxc4 f5 30. Rcc7 Rg8 31. exf5 gxf5 32. Nh4 1-0


[Site "https://www.chess.com"]

[Event "Titled Tuesday Blitz March 01 Late 2022"]
[White "Prohorov, Olexandr"]
[Black "Ladan, Nicholas"]
[WhiteFideId "14105578"]
[BlackFideId "30918855"]
[WhiteElo "1993"]
[BlackElo "2361"]
[Result "0-1"]
[Round "07"]
[TimeControl "180+1"]
[Date "2022.03.02"]
[WhiteClock "0:00:42"]
[BlackClock "0:01:21"]

1. e4 e5 2. Nf3 Nc6 3. Bb5 a6 4. Ba4 g6 5. d4 exd4 6. Bg5 Be7 7. Bf4 Nf6 8. Nxd4 Nxe4 9. O-O O-O 10. Re1 Nc5 11. Bxc6 dxc6 12. Nc3 Ne6 13. Nxe6 Bxe6 14. Qe2 Re8 15. Rad1 Qc8 16. Qf3 Bg4 17. Qg3 Bxd1 18. Rxd1 Bf6 19. h4 h5 20. Bxc7 Qg4 21. Qxg4 hxg4 22. Rd7 Rac8 23. g3 Re7 24. Rxe7 Bxe7 25. Be5 Bb4 26. Ne4 f5 27. Nf6+ Kf7 28. f4 gxf3 29. Kf2 Ke6 30. Bd4 c5 0-1


[Site "https://www.chess.com"]

[Event "Titled Tuesday Blitz March 01 Late 2022"]
[White "Przybylski, Wojciech"]
[Black "Arabidze, Meri"]
[WhiteFideId "1117599"]
[BlackFideId "13604040"]
[WhiteElo "2472"]
[BlackElo "2671"]
[Result "1-0"]
[Round "07"]
[TimeControl "180+1"]
[Date "2022.03.02"]
[WhiteClock "0:00:08"]
[BlackClock "0:00:01"]

1. e4 c5 2. Nf3 e6 3. d4 cxd4 4. Nxd4 Nc6 5. Nc3 a6 6. Be3 Nf6 7. Nxc6 bxc6 8. Bd3 d5 9. exd5 cxd5 10. O-O Be7 11. Bd4 O-O 12. Re1 a5 13. Qe2 Rb8 14. Nb5 Ne4 15. Be5 Rb7 16. Nd4 Bf6 17. Bxe4 dxe4 18. Qxe4 Rb4 19. Rad1 Bb7 20. Qe3 Bxe5 21. Qxe5 Qa8 22. f3 Qa7 23. Kh1 a4 24. b3 h6 25. a3 Rb6 26. b4 Bd5 27. Rc1 Rc8 28. Qe3 Rbb8 29. c3 Bc4 30. Nf5 Qc7 31. Ng3 Re8 32. Ne4 e5 33. Red1 f5 34. Nd6 Re7 35. Nxf5 Rf7 36. Nd6 Re7 37. Qc5 Qxc5 38. bxc5 Bb3 39. Re1 Rc7 40. Ne4 Bc4 41. Rb1 Rb3 42. Nd2 1-0


[Site "https://www.chess.com"]

[Event "Titled Tuesday Blitz March 01 Late 2022"]
[White "Renjith, Sravan"]
[Black "Seo, Jung Min"]
[WhiteFideId "4306783"]
[BlackFideId "1734687"]
[WhiteElo "1863"]
[BlackElo "2401"]
[Result "0-1"]
[Round "07"]
[TimeControl "180+1"]
[Date "2022.03.01"]
[WhiteClock "0:00:39"]
[BlackClock "0:01:14"]

1. Nf3 d5 2. d4 Nf6 3. c4 e6 4. cxd5 exd5 5. Nc3 c6 6. g3 Bf5 7. Bg2 Nbd7 8. O-O Be7 9. Ne5 O-O 10. f4 Qb6 11. e3 Nxe5 12. fxe5 Bg4 13. Qd3 Nd7 14. a3 a5 15. Bd2 Rfe8 16. Na4 Qd8 17. b4 axb4 18. axb4 Be6 19. Nc5 Nxc5 20. bxc5 b5 21. cxb6 Qxb6 22. Rfb1 Rxa1 23. Rxa1 c5 24. Rb1 Qc7 25. Qb5 Rc8 26. Ba5 Qa7 27. Rc1 h6 28. Qb6 Qa8 29. dxc5 Bd8 30. Qb5 Qxa5 31. Qe8+ Kh7 32. c6 Bg5 0-1


[Site "https://www.chess.com"]

[Event "Titled Tuesday Blitz March 01 Late 2022"]
[White "Riazantsev, Alexander"]
[Black "Martinez Alcantara, Jose Eduardo"]
[WhiteFideId "4125029"]
[BlackFideId "3805662"]
[WhiteElo "2595"]
[BlackElo "2690"]
[Result "1/2-1/2"]
[Round "07"]
[TimeControl "180+1"]
[Date "2022.03.01"]
[WhiteClock "0:00:10"]
[BlackClock "0:00:05"]

1. d4 Nf6 2. c4 e6 3. Nf3 Bb4+ 4. Bd2 Qe7 5. g3 Bxd2+ 6. Qxd2 Nc6 7. a3 d5 8. cxd5 exd5 9. Bg2 O-O 10. O-O Bf5 11. e3 Rad8 12. Nc3 Na5 13. Qd1 Nc4 14. Nd2 Nb6 15. Na4 Nc8 16. b4 c6 17. Nc5 Nd6 18. Qb3 h5 19. h4 Rfe8 20. a4 a6 21. Rfe1 g6 22. Bf1 Nfe4 23. Ncxe4 Nxe4 24. Nxe4 Bxe4 25. Bg2 Rd6 26. Bxe4 Qxe4 27. Qb1 Qe7 28. b5 axb5 29. axb5 g5 30. bxc6 bxc6 31. hxg5 Qxg5 32. e4 Rde6 33. e5 h4 34. Ra3 Rg6 35. Rf3 Kg7 36. Kg2 Qg4 37. Qf5 Qxf5 38. Rxf5 Rb8 39. Re3 hxg3 40. Rxg3 Rb4 41. Rf4 c5 42. Rxg6+ fxg6 43. e6 cxd4 44. e7 Rb8 45. Rxd4 Re8 46. Rxd5 Rxe7 47. Rd3 1/2-1/2


[Site "https://www.chess.com"]

[Event "Titled Tuesday Blitz March 01 Late 2022"]
[White "Ribeiro, Matheus Mendes Domingues"]
[Black "Hjartarson, Johann"]
[WhiteFideId "324226923"]
[BlackFideId "2300044"]
[WhiteElo "2442"]
[BlackElo "2646"]
[Result "0-1"]
[Round "07"]
[TimeControl "180+1"]
[Date "2022.03.02"]
[WhiteClock "0:00:41"]
[BlackClock "0:01:16"]

1. c4 g6 2. Nc3 Bg7 3. Nf3 c5 4. g3 Nc6 5. Bg2 e6 6. O-O Nge7 7. d4 cxd4 8. Nb5 d5 9. cxd5 Nxd5 10. Nbxd4 Nxd4 11. Nxd4 O-O 12. Nb3 b6 13. e4 Nb4 14. a3 Qxd1 15. Rxd1 Nc2 16. Rb1 Ba6 17. Bf1 Bxf1 18. Kxf1 Rfc8 19. Bf4 a5 20. Rd2 e5 21. Rc1 a4 22. Rdxc2 Rxc2 23. Rxc2 axb3 24. Rc6 exf4 25. Rxb6 fxg3 26. hxg3 Bxb2 27. Rxb3 Bxa3 28. Kg2 Bf8 29. f3 h5 30. Rb7 Kg7 31. Kh3 Ra3 32. f4 Re3 33. e5 Bc5 34. Rc7 Bd4 35. Rd7 Bc3 36. Rd1 Be1 37. Rd7 Bxg3 38. e6 Bxf4+ 39. Kh4 Rxe6 40. Rd8 Re2 41. Kh3 Rh2# 0-1


[Site "https://www.chess.com"]

[Event "Titled Tuesday Blitz March 01 Late 2022"]
[White "Riehle, Marco"]
[Black "Stankovic, Ivan G"]
[WhiteFideId "12904392"]
[BlackFideId "902837"]
[WhiteElo "2547"]
[BlackElo "2407"]
[Result "1-0"]
[Round "07"]
[TimeControl "180+1"]
[Date "2022.03.02"]
[WhiteClock "0:02:01"]
[BlackClock "0:00:38"]

1. e4 c5 2. a3 g6 3. h4 h5 4. Nc3 Bg7 5. Bc4 d6 6. d3 Nc6 7. Bg5 Nf6 8. Qd2 Rb8 9. Nge2 a6 10. O-O-O e6 11. f4 b5 12. Ba2 b4 13. axb4 cxb4 14. Na4 Qa5 15. Bb3 O-O 16. Bxf6 Bxf6 17. g4 hxg4 18. h5 Nd4 19. Nxd4 Bxd4 20. hxg6 fxg6 21. f5 Qc7 22. fxe6 Qe7 23. Qh6 Bg7 24. Qh7# 1-0


[Site "https://www.chess.com"]

[Event "Titled Tuesday Blitz March 01 Late 2022"]
[White "Romanchuk, Viktor"]
[Black "Bryakin, Mikhail"]
[WhiteFideId "14109271"]
[BlackFideId "4165314"]
[WhiteElo "2527"]
[BlackElo "2748"]
[Result "0-1"]
[Round "07"]
[TimeControl "180+1"]
[Date "2022.03.02"]
[WhiteClock "0:00:18"]
[BlackClock "0:01:32"]

1. d4 Nf6 2. c4 g6 3. Nc3 Bg7 4. Nf3 d6 5. g3 O-O 6. Bg2 c5 7. O-O cxd4 8. Nxd4 Nc6 9. e3 Bd7 10. b3 a6 11. Bb2 Rc8 12. Rc1 Nxd4 13. exd4 Bc6 14. Bh3 Bd7 15. Bg2 Qc7 16. Re1 Rfe8 17. Qd2 Qb8 18. Re2 b5 19. cxb5 axb5 20. Rce1 e6 21. Ne4 Nxe4 22. Bxe4 d5 23. Bd3 b4 24. Rc1 Rxc1+ 25. Qxc1 Bb5 26. Bxb5 Qxb5 27. Rc2 h5 28. h4 Bf6 29. Rc8 Kg7 30. Rxe8 Qxe8 31. Qd2 Qa8 32. Qxb4 Qxa2 33. Qc3 Qb1+ 34. Kg2 Qe4+ 35. Qf3 Qc2 36. Qc3 Qe2 37. b4 g5 38. hxg5 Bxg5 39. Ba1 Bf6 40. Qf3 Qa2 41. Bc3 Qc2 42. Qe3 Qb3 43. Qd2 h4 44. gxh4 Bxh4 45. Qe3 Be7 46. Qg3+ Kf8 47. Qb8+ Kg7 48. Qg3+ Kh7 49. Qh3+ Kg6 50. Qd3+ f5 51. Qe3 Kf7 52. Qh3 Ke8 53. Qe3 Kd7 54. Qd2 Bd6 55. Qe3 Qc2 56. Qd2 Qxd2 57. Bxd2 Kc6 58. Kf3 Kb5 59. Ke3 Bxb4 60. Bxb4 Kxb4 61. Kf4 Kc4 62. Ke5 f4 63. f3 Kd3 64. Kxe6 Kxd4 65. Kf5 Ke3 66. Ke5 d4 0-1


[Site "https://www.chess.com"]

[Event "Titled Tuesday Blitz March 01 Late 2022"]
[White "Romero Ruscalleda, Josep"]
[Black "Migot, Tangi"]
[WhiteFideId "2231859"]
[BlackFideId "662445"]
[WhiteElo "2315"]
[BlackElo "2500"]
[Result "0-1"]
[Round "07"]
[TimeControl "180+1"]
[Date "2022.03.02"]
[WhiteClock "0:00:32"]
[BlackClock "0:01:09"]

1. e4 e5 2. Nf3 d6 3. d4 exd4 4. Nxd4 Nf6 5. Nc3 Be7 6. Be3 O-O 7. Be2 Re8 8. O-O Bf8 9. f3 Nc6 10. Qd2 Nxd4 11. Bxd4 c6 12. Rad1 Be6 13. Rfe1 Nd7 14. Qf4 h6 15. Qg3 Qg5 16. Qxg5 hxg5 17. Be3 f6 18. Kf2 Ne5 19. b3 Kf7 20. Nb1 Be7 21. c4 a6 22. Nc3 Rh8 23. h3 b5 24. cxb5 axb5 25. Rd2 Rhb8 26. Bf1 b4 27. Na4 c5 28. Rc1 c4 29. Nb6 c3 30. Rdc2 Ra5 31. Bd4 Bd8 32. Nc4 Nxc4 33. Bxc4 Bxc4 34. bxc4 Rba8 35. Ke3 Rxa2 36. Kd3 Rxc2 37. Rxc2 Ra1 38. c5 dxc5 39. Bxc5 Be7 40. Bxe7 Kxe7 41. Kc4 Rb1 42. Re2 Rb2 43. Re1 c2 0-1


[Site "https://www.chess.com"]

[Event "Titled Tuesday Blitz March 01 Late 2022"]
[White "Rorrer, Grayson"]
[Black "Ruiz Aguilar, Pablo Alexander"]
[WhiteFideId "30944996"]
[BlackFideId "4401352"]
[WhiteElo "2122"]
[BlackElo "2125"]
[Result "1-0"]
[Round "07"]
[TimeControl "180+1"]
[Date "2022.03.01"]
[WhiteClock "0:00:12"]
[BlackClock "0:00:03"]

1. e4 c5 2. Nf3 e6 3. d4 cxd4 4. Nxd4 a6 5. c4 Nf6 6. Nc3 d6 7. Be2 Be7 8. O-O O-O 9. Be3 Nbd7 10. Rc1 Qc7 11. Qd2 b6 12. Rfd1 Bb7 13. f3 Rac8 14. a3 Qb8 15. b4 Rfe8 16. Qa2 Bd8 17. a4 Bc7 18. h3 d5 19. exd5 exd5 20. Bf2 Bf4 21. Rc2 dxc4 22. Bxc4 Ne5 23. Be2 Nh5 24. Nd5 Bxd5 25. Qxd5 Red8 26. Qe4 Rxc2 27. Qxc2 g6 28. Bxa6 Qd6 29. Rb1 Bg3 30. Ne2 Bxf2+ 31. Kxf2 Nc6 32. Qc3 Ne7 33. Rb3 Nf5 34. Qd3 Qe7 35. Qe4 Qf6 36. Rd3 Rxd3 37. Bxd3 Qb2 38. g4 Nhg3 39. Qe8+ Kg7 40. gxf5 Nxe2 41. Qxe2 Qxb4 42. Qe5+ Kh6 43. Qe3+ Kg7 44. Qe5+ Kh6 45. f6 Qd2+ 46. Qe2 Qb4 47. Qe3+ Kh5 48. f4 Qb2+ 49. Be2+ Kh4 50. Qg3# 1-0


[Site "https://www.chess.com"]

[Event "Titled Tuesday Blitz March 01 Late 2022"]
[White "Sadhwani, Raunak"]
[Black "Grischuk, Alexander"]
[WhiteFideId "35093487"]
[BlackFideId "4126025"]
[WhiteElo "2616"]
[BlackElo "2762"]
[Result "1-0"]
[Round "07"]
[TimeControl "180+1"]
[Date "2022.03.01"]
[WhiteClock "0:01:38"]
[BlackClock "0:00:44"]

1. e4 d5 2. exd5 Qxd5 3. Nf3 Bg4 4. Be2 Nc6 5. h3 Bxf3 6. Bxf3 Qe6+ 7. Qe2 Qxe2+ 8. Bxe2 Nd4 9. Bd1 e5 10. c3 Ne6 11. d3 O-O-O 12. Bc2 g6 13. g3 Bh6 14. Nd2 Nf6 15. Ke2 Nd5 16. h4 Rhe8 17. h5 Bg5 18. hxg6 hxg6 19. Nc4 f6 20. Bxg5 Nxg5 21. Rh6 Ne7 22. Rah1 Rg8 23. Ne3 Kb8 24. Bb3 Rgf8 25. f4 1-0


[Site "https://www.chess.com"]

[Event "Titled Tuesday Blitz March 01 Late 2022"]
[White "Sadilek, Peter"]
[Black "Rangel, Daniel"]
[WhiteFideId "1616439"]
[BlackFideId "2124475"]
[WhiteElo "2145"]
[BlackElo "2187"]
[Result "0-1"]
[Round "07"]
[TimeControl "180+1"]
[Date "2022.03.02"]
[WhiteClock "0:00:01"]
[BlackClock "0:00:14"]

1. d4 Nf6 2. Nf3 g6 3. c4 Bg7 4. Nc3 O-O 5. e4 d6 6. Be2 e5 7. d5 Nbd7 8. O-O a5 9. Qc2 Nc5 10. Bg5 h6 11. Be3 Nfd7 12. Nd2 f5 13. f3 f4 14. Bf2 g5 15. b3 h5 16. a3 Na6 17. Rab1 Rf7 18. b4 Bf8 19. Kh1 Rg7 20. Rg1 g4 21. g3 fxg3 22. Rxg3 Nf6 23. Rgg1 Nh7 24. fxg4 hxg4 25. c5 axb4 26. axb4 dxc5 27. bxc5 Nxc5 28. Nb5 b6 29. d6 cxd6 30. Bc4+ Kh8 31. Bd5 Rb8 32. Nc4 Qf6 33. Rbf1 Qh6 34. Bg3 Bd7 35. Rxf8+ Rxf8 36. Nbxd6 b5 37. Nxe5 Ne6 38. Nf5 Qf6 39. Nxg7 Nxg7 40. Nxd7 Qe7 0-1


[Site "https://www.chess.com"]